 Dungeon Crawl Stone Soup version 0.30-a0-1160-g6e42c06551 (webtiles) character file.

Game seed: 7865921270984901184

16 RepHenryClay the Chopper (level 2, -4/28 HPs)
             Began as a Naga Berserker on Apr 26, 2023.
             Was a Follower of Trog.
             Slain by Terence
             ... wielding a +0 flail
              (8 damage)
             ... on level 2 of the Dungeon.
             The game lasted 00:01:21 (888 turns).

RepHenryClay the Chopper (Naga Berserker)            Turns: 888, Time: 00:01:21

Health: -4/28      AC:  6    Str: 16 (19) XL:     2   Next: 54%
Magic:  2/2        EV:  2    Int:  4 (7)  God:    Trog [*.....]
Gold:   80         SH:  0    Dex:  8 (10) Spells: 1/1 levels left

rFire   . . .        a - +0 hand axe
rCold   . . .        (no shield)
rNeg    . . .        i - +0 plate armour
rPois   +            (no helmet)
rElec   .            (no cloak)
rCorr   .            (no gloves)
SInv    +            (no barding)
Will    .....        (no amulet) Stlth
                     (no ring)
HPRegen 0.24/turn    (no ring)
MPRegen 0.08/turn

%: no passive effects
@: mighty, very slow
A: AC +0, large, see invisible, deformed body, poison resistance, slowness 2,
spit poison 1, naga tail 1
a: Spit Poison, Renounce Religion, Berserk


You were on level 2 of the Dungeon.
You worshipped Trog.
Trog was aware of your devotion.
You visited 1 branch of the dungeon, and saw 2 of its levels.

You collected 80 gold pieces.

Inventory:

Hand Weapons
 a - a +0 hand axe (weapon)
Armour
 i - a +0 plate armour (worn)
Scrolls
 b - a scroll of vulnerability {unknown}
 e - a scroll of fog {unknown}
 f - 3 scrolls of teleportation {unknown}
 h - a scroll of identify {unknown}
Potions
 c - a potion of degeneration


   Skills:
 + Level 3.2 Fighting
 + Level 3.2 Axes
 + Level 1.8 Armour
 + Level 1.8 Dodging


You had one spell level left.
You didn't know any spells.
Your spell library was empty.

Dungeon Overview and Level Annotations

Branches:
Dungeon (2/15)

Altars:

Annotations:
D:2 Terence


Innate Abilities, Weirdness & Mutations

Your serpentine skin is tough. (AC +0)
You have supernaturally acute eyesight. (SInv)
Armour fits poorly on your strangely shaped body.
Your system is resistant to poisons. (rPois)
You cover ground very slowly.
You can spit poison.
You have a snake-like lower body.


Message History

You climb downwards.
Terence shouts!
There is a stone staircase leading up here.
Terence is nearby!
Terence bares his teeth.
Terence hits you with a +0 flail.
Damage: -17%(-5hp) hp: 83%(23hp)
You hit Terence but do no damage. Terence hits you with a +0 flail.
Damage: -8%(-2hp) hp: 75%(21hp) Terence attacks as you move away!
Terence hits you with a +0 flail. Terence barely misses you.
There is a stone staircase leading up here.
Huge Dmg: -17%(-5hp) hp: 58%(16hp) It was a potion of degeneration.
There was something very wrong with that liquid.
You feel weakened.
You feel dopey.
You feel clumsy. Terence completely misses you.
It was a potion of magic.
Magic courses through your body. Terence hits you with a +0 flail.
Damage: -11%(-3hp) hp: 47%(13hp) It was a potion of might.
You feel very mighty all of a sudden. Terence hits you with a +0 flail.
* * * LOW HITPOINT WARNING * * *
Huge Dmg: -22%(-6hp) hp: 25%(7hp) It was a potion of curing.
You feel better. Terence hits you with a +0 flail.
* * * LOW HITPOINT WARNING * * *
Damage: -3%(-1hp) hp: 22%(6hp)
You closely miss Terence. Terence hits you with a +0 flail.
* * * LOW HITPOINT WARNING * * *
Huge Dmg: -7%(-2hp) hp: 15%(4hp)
You hit Terence.
Terence is moderately wounded.
Terence hits you with a +0 flail.
* * * LOW HITPOINT WARNING * * *
Unknown command.
You closely miss Terence.
Terence is moderately wounded.
Terence hits you with a +0 flail!
You die...

.. .. . ..
.#.# ...#
####..#####
#.........#
#.........#
#...@.....#
#..@......#
###########


You could see Terence.

Vanquished Creatures
  3 goblins (D:1)
  A hobgoblin (D:1)
  3 kobolds (D:1)
  2 quokkas (D:1)
  3 ball pythons (D:1)
  A bat (D:1)
  3 rats (D:1)
16 creatures vanquished.

Notes
Turn   | Place    | Note
-------+----------+-------------------------------------------
     0 | D:1      | RepHenryClay the Naga Berserker began the quest for the
                  | Orb.
     0 | D:1      | Reached XP level 1. HP: 21/21 MP: 1/1
   402 | D:1      | Reached XP level 2. HP: 28/28 MP: 2/2
   878 | D:2      | Noticed Terence
   888 | D:2      | Slain by Terence

Illustrated notes

Levels and vault maps discovered:
D:1:      elethiomel_arrival_infinity_welcomes_careful_drivers,
          layout_loops_ring, serial_bayou_lagoon_b
D:2:      layout_rooms, chequers_serial_rivers_small_3,
          nicolae_elevator_lobby_asterisk, uniq_sigmund, uniq_terence

Action                     || total
---------------------------++-------
  Melee: Hand axe          ||    41
Ability: Spit Poison       ||     5
    Use: Potion            ||     4
 Armour: Animal skin       ||     7
         Plate armour      ||     3
  Dodge: Dodged            ||    20

Table legend: (Time is in decaauts)
 A = Elapsed time spent in this place.
 B = Non-inter-level travel time spent in this place.
 C = Inter-level travel time spent in this place.
 D = Time resting spent in this place.
 E = Time spent auto-exploring this place.
 F = Levels seen in this place.
 G = Mean time per level.
                   A        B        C        D        E       F      G
               +--------+--------+--------+--------+--------+-----+--------+
         Total |   1172 |   1147 |     25 |      0 |   1002 |   2 |  586.0 |
       Dungeon |   1172 |   1147 |     25 |      0 |   1002 |   2 |  586.0 |
               +--------+--------+--------+--------+--------+-----+--------+

Top non-repeatable levels by time:
     D:1: 1160 daAuts
     D:2: 11 daAuts
